 Dungeon Crawl Stone Soup version 0.23.2-1-ga50397a (webtiles) character file.

Game seed: 2383937966654541029

50 Iscandelvey the Vexing (level 3, 26/26 HPs)
             Began as a Demonspawn Arcane Marksman on Apr 16, 2019.
             Quit the game on level 2 of the Dungeon.
             The game lasted 00:06:30 (1553 turns).

Iscandelvey the Vexing (Demonspawn Arcane Marksman) Turns: 1553, Time: 00:06:31

Health: 26/26      AC:  2    Str: 10    XL:     3   Next: 55%
Magic:  1/5        EV: 12    Int: 15    God:
Gold:   103        SH:  0    Dex: 13    Spells: 2/5 levels left

rFire    . . .     SeeInvis .   a - +0 hand crossbow
rCold    . . .     Gourm    .   (no shield)
rNeg     . . .     Faith    .   e - +0 robe
rPois    .         Spirit   .   (no helmet)
rElec    .         Reflect  .   (no cloak)
rCorr    .         Harm     .   (no gloves)
MR       .....                  (no boots)
Stlth    +.........             (no amulet)
HPRegen  1.08/turn              (no ring)
MPRegen  0.09/turn              (no ring)

@: no status effects
A: demonic guardian 1, powered by death 1
a: no special abilities


You were on level 2 of the Dungeon.
You were very hungry.

You visited 1 branch of the dungeon, and saw 2 of its levels.

You collected 103 gold pieces.

Inventory:

Hand Weapons
 a - a +0 hand crossbow (weapon)
 i - a +0 mace
Missiles
 d - 35 bolts (quivered)
 j - 41 sling bullets
 l - 69 stones
Armour
 e - a +0 robe (worn)
Jewellery
 k - an uncursed ring of poison resistance {unknown}
Scrolls
 b - a scroll of blinking {unknown}
 c - a scroll of amnesia {unknown}
 g - a scroll of remove curse {unknown}
 m - a scroll of identify {unknown}
 n - a scroll of enchant armour {unknown}
Potions
 o - a potion of brilliance {unknown}
Comestibles
 f - 3 rations


   Skills:
 - Level 1.0 Fighting
 * Level 2.8 Crossbows
 + Level 2.2 Dodging
 * Level 1.8 Spellcasting
 - Level 3.1 Hexes


You had 2 spell levels left.
You knew the following spells:

 Your Spells              Type           Power        Failure   Level  Hunger
a - Corona                Hex            ##.....      6%          1    ##.....
b - Slow                  Hex            ##......     10%         2    ###....

Your spell library contained the following spells:

 Spells                   Type           Power        Failure   Level  Hunger
 Inner Flame              Hex/Fire       #.......     34%         3    ####...
 Portal Projectile        Hex/Tloc       #.....       34%         3    ####...
 Cause Fear               Hex            ##........   54%         4    #####..
 Leda's Liquefaction      Hex/Erth       #.........   75%         4    #####..


Dungeon Overview and Level Annotations

Branches:
Dungeon (2/15)

Altars:


Innate Abilities, Weirdness & Mutations

A weak demonic guardian rushes to your aid.
You regenerate a little health from kills.


Message History

Confirm with . or Enter, or press ? or * to list all spells.
Aiming: Slow (safe; 11% risk of failure)
Press: ? - help, Shift-Dir - straight line, f/p - Jessica
Aim: Jessica, wearing a +0 robe (softly glowing, chance to defeat MR: 52%) Jessica seems to slow down.
Firing (i - inventory. (/) - cycle)
d - 37 bolts (quivered)
Press: ? - help, Shift-Dir - straight line, f/p - Jessica
Aim: Jessica, wearing a +0 robe (slow, softly glowing)
You shoot a bolt. The bolt barely misses Jessica.
Firing (i - inventory. (/) - cycle)
d - 36 bolts (quivered)
Press: ? - help, Shift-Dir - straight line, f/p - Jessica
Aim: Jessica, wearing a +0 robe (slow, softly glowing)
You shoot a bolt. The bolt hits Jessica!
You kill Jessica!
You have reached level 3!
Your experience leads to an increase in your attributes!
Increase (S)trength, (I)ntelligence, or (D)exterity?
You feel clever.
Your demonic ancestry asserts itself...
You feel the presence of a demonic guardian.
Are you sure you want to abandon this character and quit the game? (Confirm with "yes".)

#########
#.......#
#.......#
#.......# .
#.......# ..
#.......# ...#
#...@...# .....
#.......#
##...##.......#
#.............#
...#...#...(...#
#..........##
##.........#
#......(..#
.###.........#


There were no monsters in sight!

Vanquished Creatures
  Jessica (D:2)
  A dart slug (D:1)
  A leopard gecko (D:1)
  2 bats (D:1)
  A giant cockroach (D:1)
  3 goblins (D:1)
  5 hobgoblins (D:1)
  A jackal (D:1)
  A frilled lizard (D:1)
  2 kobolds (D:1)
  A rat (D:1)
19 creatures vanquished.

Notes
Turn   | Place    | Note
-------+----------+-------------------------------------------
     0 | D:1      | Iscandelvey the Demonspawn Arcane Marksman began the quest
                  | for the Orb.
     0 | D:1      | Reached XP level 1. HP: 15/15 MP: 2/2
   393 | D:1      | Gained mutation: You regenerate a little health from kills.
                  | [demonic ancestry]
   393 | D:1      | Reached XP level 2. HP: 21/21 MP: 3/3
  1352 | D:2      | Noticed Jessica
  1358 | D:2      | Learned a level 2 spell: Slow
  1552 | D:2      | Killed Jessica
  1552 | D:2      | Gained mutation: A weak demonic guardian rushes to your
                  | aid. [demonic ancestry]
  1552 | D:2      | Reached XP level 3. HP: 26/26 MP: 1/5
  1553 | D:2      | Quit the game

Skill      XL: |  1  2 |
---------------+-------+-----
Crossbows      | 2 |  2.8
Dodging        | 2 |  2.2
Fighting       | |  1.0
Spellcasting   | |  1.8
Hexes          | |  3.1

Action                   || total
-------------------------++-------
Melee: Mace              ||    42
 Fire: Hand crossbow     ||    26
 Cast: Slow              ||     3
       Corona            ||     1
 Stab: Sleeping          ||     1
  Eat: Chunk             ||     1
Armor: Robe              ||     8
Dodge: Dodged            ||    49
